 Dungeon Crawl Stone Soup version 0.19.1-1-g22dce08 (webtiles) character file.

53 fusion97 the Shooter (level 3, 0/29 HPs)
             Began as a Centaur Hunter on Jan 4, 2017.
             Slain by a giant cockroach (2 damage)
             ... on level 2 of the Dungeon on Jan 5, 2017.
             The game lasted 00:09:50 (1021 turns).

fusion97 the Shooter (Centaur Hunter)               Turns: 1021, Time: 00:09:51

Health: 0/29       AC:  4    Str: 14    XL:     3   Next: 64%
Magic:  3/3        EV:  9    Int: 10    God:
Gold:   103        SH:  0    Dex: 10    Spells: 0 memorised, 2 levels left

rFire  + . .     SeeInvis .     a - +1 shortbow
rCold  + . .     Gourm    .     c - +0 leather armour
rNeg   . . .     Faith    .     (shield currently unavailable)
rPois  +         Spirit   .     (no helmet)
rElec  +         Reflect  .     (no cloak)
rCorr  +         Harm     .     (no gloves)
MR     .....                    (no barding)
Stlth  +.........               (no amulet)
                                (no ring)
                                (no ring)

@: lethally poisoned (0 -> -3), exhausted, resistant, slowed
A: hooves 3, deformed body, speed 2, tough skin 3
a: no special abilities


You were on level 2 of the Dungeon.
You were not hungry.

You visited 1 branch of the dungeon, and saw 2 of its levels.

You collected 103 gold pieces.

Inventory:

Hand Weapons
 a - a +1 shortbow (weapon)
 b - a +0 short sword
 r - a +0 dagger
 t - a +0 rapier
Armour
 c - a +0 leather armour (worn)
 p - a +0 scale mail
 s - a +0 ring mail
Scrolls
 e - 2 scrolls of random uselessness {unknown}
 n - 2 scrolls of magic mapping {unknown}
 o - a scroll of remove curse {unknown}
 q - a scroll of identify {unknown}
 v - 2 scrolls of recharging {unknown}
Potions
 h - 2 potions of heal wounds {unknown}
 i - 2 potions of curing {unknown}
 k - 2 potions of might {unknown}
 m - 2 potions of invisibility {unknown}
Comestibles
 f - a bread ration
 g - 3 meat rations
 u - 3 fruits


   Skills:
 + Level 2.0 Fighting
 + Level 6.9 Bows
 + Level 1.5 Dodging
 + Level 0.4 Stealth


You had 2 spell levels left.
You didn't know any spells.

Dungeon Overview and Level Annotations

Branches:
Dungeon (2/15)

Altars:
Uskayaw
Yredelemnul


Innate Abilities, Weirdness & Mutations

You have hooves in place of feet.
Armour fits poorly on your strangely shaped body.
You cover ground very quickly.
You have extremely tough skin. (AC +3)


Message History

Quiver which item? (- for none, * to show all) (? for menu, Esc to quit)
Okay, then.
It was a potion of berserk rage.
A red film seems to cover your vision as you go berserk!
You feel yourself moving faster!
You feel mighty!
* * * LOW HITPOINT WARNING * * *
You feel sick.
You are too berserk!
You are too berserk!
You are too berserk!
You feel a strong urge to attack something.
The giant cockroach barely misses you.
You feel your anger subside.
You are no longer berserk.
You are exhausted.
You feel yourself slow down.
It was a potion of resistance.
You feel protected.
* * * LOW HITPOINT WARNING * * *
You feel sick. The giant cockroach bites you.
You die...

#####. #.# # .. #.# ...
########.# ##..
.........# .#.#
###.####.####### .#.# #.#
#......... .#.# #.#
#..#############
...#####.#
#..##.sS.......#
.........#
#.)##@##....##.#
.........# #..##.##....#
...†.....# #...........#
........(# #...#.......#
8.8.8....# #...........#
.........####..####....#
...........##..# #.####
........#####..####.#####
_.......# #......)....#


You could see an adder and a giant cockroach.

Vanquished Creatures
  A worm (D:2)
  A dart slug (D:1)
  A leopard gecko (D:1)
  2 ball pythons (D:1)
  2 giant cockroaches
  3 goblins
  6 hobgoblins
  6 jackals (D:1)
  4 kobolds
  A quokka (D:2)
  3 bats
  2 frilled lizards
  11 rats
43 creatures vanquished.

Notes
Turn   | Place    | Note
-------+----------+-------------------------------------------
     0 | D:1      | fusion97 the Centaur Hunter began the quest for the Orb.
     0 | D:1      | Reached XP level 1. HP: 17/17 MP: 1/1
   162 | D:1      | Reached XP level 2. HP: 24/24 MP: 2/2
   200 | D:1      | Reached skill level 6 in Bows
   419 | D:1      | Reached XP level 3. HP: 29/29 MP: 3/3
   667 | D:2      | Found a basalt altar of Yredelemnul.
   805 | D:2      | Found a hide-covered altar of Uskayaw.
  1016 | D:2      | HP: 2/43 [poisoned by an adder]
  1021 | D:2      | Slain by a giant cockroach

Skill      XL: |  1  2 |
---------------+-------+-----
Bows           | 6 |  6.9
Fighting       | |  2.0
Dodging        | |  1.5
Stealth        | |  0.4

Action                   || total
-------------------------++-------
Melee: Shortbow          ||    11
       Kick              ||     2
       Short sword       ||     1
 Fire: Shortbow          ||    94
  Use: Potion            ||     2
Armor: Leather armour    ||    16
Dodge: Dodged            ||    27
